Map: Kairos Junction LE

Players

Samwise - Winner!

  • Race: Protoss Protoss
  • League: Platinum
  • Spawn Location: 11:00

A.I. 1 (Elite)

  • Race: Zerg Zerg
  • Spawn Location: 5:00

VOD

Have the link to the VOD?

Description

Time

  • Played on: Aug. 26, 2019, 9:53 a.m.
  • Length: 7:38
Show
View Real Time Build Order
Export as new Build Order

Samwise Protoss - Winner!

Build Orders:  

Get SALT Encoding   

  12  0:00  Probe  
  13  0:13  Probe  
  14  0:19  Pylon  
  14  0:25  Probe  
  15  0:36  Probe  
  16  0:44  Gateway, Probe  
  17  0:50  Assimilator  
  17  0:52  Probe  
  18  1:03  Probe  
  19  1:15  Probe  
  20  1:27  Probe  
  20  1:32  Cybernetics Core  
  23  1:49  Nexus  
  23  1:50  Probe  
  22  1:58  Pylon  
  22  2:01  Assimilator  
  22  2:03  Probe  
  23  2:16  Probe, Sentry  
  23  2:21  Forge  
  26  2:28  Pylon  
  26  2:30  Warp Gate  
  26  2:35  Probe  
  27  2:42  Stalker  
  28  2:47  Protoss Ground Weapons Level 1  
  28  2:48  Gateway  
  28  2:50  Pylon  
  28  3:02  Probe  
  29  3:11  Probe  
  29  3:15  Probe  
  29  3:19  Probe  
  31  3:24  Robotics Facility  
  32  3:27  Probe  
  32  3:33  Gateway  
  33  3:39  Probe  
  33  3:40  Pylon  
  33  3:41  Probe  
  35  3:51  Probe  
  35  3:52  Gateway  
  35  3:55  Probe  
  37  4:01  Phoenix  
  37  4:03  Warp Prism, Probe  
  37  4:07  Gateway, Probe  
  41  4:19  Probe x2  
  41  4:21  Sentry x2  
  47  4:32  Stalker  
  49  4:40  Gateway  
  49  4:42  Gateway  
  49  4:48  Adept  
  51  5:04  Stalker x4  
  59  5:09  Zealot x2  
  59  5:10  Zealot x2  
  59  5:28  Pylon  
  59  5:29  Zealot x5  
  59  5:31  Pylon  
  63  5:53  Zealot x7  
  75  6:22  Stalker x2  
  75  6:23  Stalker x3  
  85  6:28  Pylon  
  85  6:30  Pylon  
  85  6:31  Pylon  
  85  6:33  Pylon  
  85  6:36  Twilight Council  
  85  6:38  Gateway  
  83  6:51  Pylon  
  83  6:55  Zealot x2  
  83  6:56  Zealot x5  
  95  7:26  Zealot x4  
  95  7:27  Zealot x3  
  109  7:33  Nexus  
Show
View Real Time Build Order
Export as new Build Order

A.I. 1 (Elite) Zerg 

Build Orders: Pool First 

Get SALT Encoding   

  12  0:00  Drone  
  13  0:12  Overlord  
  13  0:17  Drone  
  14  0:30  Drone  
  15  0:39  Spawning Pool  
  15  0:40  Drone  
  15  0:45  Drone  
  15  0:49  Drone  
  17  0:52  Extractor  
  17  0:55  Drone  
  17  1:06  Drone  
  18  1:16  Drone  
  19  1:28  Zergling x2, Queen  
  19  1:30  Roach Warren  
  21  1:38  Overlord  
  21  1:49  Drone  
  22  1:59  Overlord  
  22  2:10  Roach  
  24  2:21  Roach  
  26  2:28  Hatchery  
  25  2:31  Drone  
  25  2:34  Roach  
  30  2:37  Roach  
  30  2:42  Roach  
  32  2:48  Roach  
  34  2:55  Overlord  
  34  3:02  Metabolic Boost  
  34  3:06  Zergling x2  
  34  3:09  Zergling x2  
  36  3:13  Zergling x2  
  36  3:16  Zergling x2  
  38  3:20  Zergling x2  
  39  3:30  Zergling x2  
  40  3:37  Extractor  
  40  3:38  Lair  
  39  3:42  Overlord  
  39  4:03  Drone  
  39  4:05  Drone  
  41  4:10  Drone  
  41  4:13  Drone  
  41  4:16  Drone  
  44  4:21  Drone  
  44  4:23  Drone  
  46  4:26  Drone  
  46  4:31  Drone  
  48  4:34  Drone  
  48  4:37  Hydralisk Den, Drone  
  49  4:39  Drone  
  49  4:42  Drone  
  49  4:45  Drone  
  52  4:50  Overlord  
  52  4:54  Drone  
  52  4:56  Drone  
  52  4:58  Drone  
  55  5:00  Drone  
  55  5:03  Drone  
  57  5:09  Hydralisk  
  57  5:13  Overlord, Drone, Hydralisk  
  62  5:20  Drone  
  63  5:24  Drone  
  64  5:31  Drone  
  64  5:35  Drone  
  65  5:41  Drone, Extractor  
  61  5:44  Zergling x2  
  61  5:45  Zergling x2, Roach  
  61  5:46  Infestation Pit, Roach  
  58  5:52  Roach  
  58  5:56  Extractor  
  51  5:57  Roach  
  51  6:03  Roach  
  52  6:08  Roach  
  50  6:14  Roach  
  50  6:16  Zergling x2, Roach, Hydralisk  
  50  6:19  Drone  
  50  6:24  Roach  
  44  6:29  Infestor  
  44  6:31  Queen  
  38  6:41  Zergling x2  
  39  6:51  Zergling x2  
  34  6:54  Hatchery  
  32  7:02  Zergling x2  
  31  7:10  Overseer  
Tags
 
Add a new tag
Caveats
  • Supply blocks, unpowered buildings, or Contaminate may cause inaccurate times.
  • Supply counts are checked every 10 seconds.